[Event "Budapest Spring Festival 2019"]
[Site "Budapest"]
[Date "2019.04.16"]
[Round "8.28"]
[White "Nomin-Erdene, Davaademberel"]
[Black "Vegh, Endre"]
[Result "1-0"]
[ECO "B90"]
[WhiteElo "2399"]
[BlackElo "2240"]
[Annotator "NA RC"]
[PlyCount "105"]
[EventDate "2019.04.09"]
[EventType "swiss"]
[EventCountry "HUN"]
[SourceTitle "playchess.com"]
[Source "ChessBase"]
[SourceQuality "1"]
[TimeControl "40/5400+30:1800+30"]

1. e4 c5 2. Nf3 d6 3. d4 cxd4 4. Nxd4 Nf6 5. Nc3 a6 6. Be3 e6 7. f3 b5 8. g4 Nfd7 9. Qd2 {[%emt 0:00:15] B80: Sicilian Scheveningen: 6 g3 and 6 Be3, including English Attack} Nb6 10. a4 Nc4 11. Bxc4 bxc4 12. a5 Be7 13. O-O Qc7 14. Qe2 Bd7 15. Na4 Bb5 $146 ({Predecessor:} 15... Ra7 16. Nb6 c3 {½-½ (39) Lupulescu,C (2560)-Szabo,G (2433) Bucharest 2004}) 16. Nb6 Ra7 17. b3 O-O 18. Nxb5 axb5 19. bxc4 b4 20. Na4 Ra8 21. Bb6 Qc6 22. c3 bxc3 23. Nxc3 Bf6 24. Rfc1 Nd7 25. Be3 Rfc8 26. g5 Be5 27. Ra2 Qxc4 28. Qxc4 Rxc4 29. Ne2 Rxc1+ 30. Bxc1 d5 31. exd5 exd5 32. Be3 Ra6 33. Kg2 Kf8 34. f4 Bc7 35. Bd2 Ke8 36. Nd4 Nc5 37. Kf3 Kd7 38. h4 Ne4 39. Be1 Nd6 40. Nb3 Kc6 41. Re2 Bd8 42. h5 g6 43. h6 Ra8 44. Re5 Rb8 $2 (44... Nf5 $11 {and Black stays safe.} 45. Re8 Rb8) 45. Nd4+ Kc5 46. Bf2 Kc4 47. Nc6 Ra8 {[%emt 0:03:31] [#]} 48. a6 $1 Ne4 49. Re8 Rxa6 50. Ne5+ ({Less strong is} 50. Nxd8 Ra3+ 51. Be3 Nd6 $14) 50... Kb5 51. Rxd8 Ra3+ 52. Be3 $18 Nc3 53. Nxf7 1-0

[Event "Budapest Spring Festival 2019"]
[Site "Budapest"]
[Date "2019.04.16"]
[Round "8.29"]
[White "Zentai, Peter"]
[Black "Taylor, Adam C"]
[Result "0-1"]
[ECO "E32"]
[WhiteElo "2263"]
[BlackElo "2398"]
[Annotator "NA RC"]
[PlyCount "84"]
[EventDate "2019.04.09"]
[EventType "swiss"]
[EventCountry "HUN"]
[SourceTitle "playchess.com"]
[Source "ChessBase"]
[SourceQuality "1"]
[TimeControl "40/5400+30:1800+30"]

1. d4 Nf6 2. c4 e6 3. Nc3 Bb4 4. Qc2 O-O 5. a3 Bxc3+ 6. Qxc3 b6 7. Bg5 Bb7 8. f3 d6 9. e4 c5 10. d5 Nbd7 11. Nh3 exd5 12. cxd5 Re8 13. O-O-O c4 14. Kb1 b5 15. Nf2 a5 16. a4 Ba6 17. axb5 Bxb5 18. Qa3 Qc7 19. Rc1 Rab8 20. Nd1 Ba6 21. Bd2 Nc5 22. Bxc4 Bxc4 23. Rxc4 Qd7 24. Rc3 a4 25. Be3 Nxd5 26. exd5 Qf5+ 27. Rc2 Rb3 28. Qa2 Rc8 29. Bxc5 Rxc5 30. Ne3 Rxe3 31. Qxa4 h5 32. Rhc1 Rxd5 33. Qa8+ Kh7 34. Qc8 Qg6 35. Qa6 Rd2 36. Qa4 Rxg2 37. Ka2 Qe6+ 38. Qc4 d5 39. Qd4 Rxc2 40. Rxc2 Qa6+ 41. Kb1 Re1+ 42. Rc1 Qg6+ 0-1

[Event "Budapest Spring Festival 2019"]
[Site "Budapest"]
[Date "2019.04.16"]
[Round "8.35"]
[White "Nguyen, Van Thanh"]
[Black "Torok, Sandor"]
[Result "0-1"]
[ECO "E11"]
[WhiteElo "2391"]
[BlackElo "2273"]
[Annotator "NA RC"]
[PlyCount "64"]
[EventDate "2019.04.09"]
[EventType "swiss"]
[EventCountry "HUN"]
[SourceTitle "playchess.com"]
[Source "ChessBase"]
[SourceQuality "1"]
[TimeControl "40/5400+30:1800+30"]

1. d4 Nf6 2. Nf3 e6 3. c4 Bb4+ 4. Nbd2 d5 5. e3 O-O 6. a3 Be7 7. Be2 c6 8. O-O Nbd7 9. Qc2 b6 10. e4 Bb7 11. e5 Ne8 12. Bd3 g6 13. cxd5 exd5 14. e6 fxe6 15. Re1 Ng7 16. Nf1 Rxf3 17. gxf3 Bd6 18. Bh6 Qf6 19. Qe2 Re8 20. Ne3 Qh4 21. Ng4 Nf5 22. Qd2 Nxd4 23. Qe3 Ne5 24. Nxe5 Bxe5 25. f4 Bf6 26. Bg5 Bxg5 27. fxg5 c5 28. Rac1 Qg4+ 29. Kf1 Nf3 30. Red1 d4 31. Bf5 Nxh2+ 32. Ke1 Qg1+ 0-1

[Event "Budapest Spring Festival 2019"]
[Site "Budapest"]
[Date "2019.04.16"]
[Round "8.36"]
[White "Havanecz, Bianka"]
[Black "Ashwath, R.."]
[Result "1/2-1/2"]
[ECO "D38"]
[WhiteElo "2265"]
[BlackElo "2388"]
[Annotator "NA"]
[PlyCount "20"]
[EventDate "2019.04.09"]
[EventType "swiss"]
[EventCountry "HUN"]
[SourceTitle "playchess.com"]
[Source "ChessBase"]
[SourceQuality "1"]
[TimeControl "40/5400+30:1800+30"]

1. d4 Nf6 2. c4 e6 3. Nf3 d5 4. Nc3 Bb4 5. Qa4+ Nc6 6. e3 O-O 7. Qc2 dxc4 8. Bxc4 Bd6 9. O-O e5 10. h3 a6 1/2-1/2

[Event "Budapest Spring Festival 2019"]
[Site "Budapest"]
[Date "2019.04.16"]
[Round "8.37"]
[White "Terbe, Julianna"]
[Black "Lye, Lik Zang"]
[Result "1/2-1/2"]
[ECO "A20"]
[WhiteElo "2265"]
[BlackElo "2377"]
[Annotator "NA"]
[PlyCount "25"]
[EventDate "2019.04.09"]
[EventType "swiss"]
[EventCountry "HUN"]
[SourceTitle "playchess.com"]
[Source "ChessBase"]
[SourceQuality "1"]
[TimeControl "40/5400+30:1800+30"]

1. c4 e5 2. g3 Nf6 3. Bg2 c6 4. d4 exd4 5. Qxd4 d5 6. Nf3 Be7 7. cxd5 cxd5 8. O-O Nc6 9. Qa4 O-O 10. Nc3 Qb6 11. Qb5 d4 12. Qxb6 axb6 13. Nb5 1/2-1/2

[Event "Budapest Spring Festival 2019"]
[Site "Budapest"]
[Date "2019.04.16"]
[Round "8.38"]
[White "Wong, Jianwen"]
[Black "Popovics, Adam"]
[Result "1/2-1/2"]
[ECO "A15"]
[WhiteElo "2185"]
[BlackElo "2375"]
[Annotator "RC"]
[PlyCount "116"]
[EventDate "2019.04.09"]
[EventType "swiss"]
[EventCountry "HUN"]
[SourceTitle "playchess.com"]
[Source "ChessBase"]
[SourceQuality "1"]
[TimeControl "40/5400+30:1800+30"]

1. c4 Nf6 2. g3 g6 3. Bg2 Bg7 4. Nc3 O-O 5. e4 d6 6. Nge2 e5 7. O-O Nc6 8. d3 Nh5 9. Be3 Nd4 10. Qd2 c6 11. Bg5 f6 12. Be3 f5 13. Bg5 Qe8 14. Nxd4 exd4 15. Ne2 fxe4 16. dxe4 Be6 17. b3 c5 18. a4 b6 19. h3 Qf7 20. g4 d3 21. Qxd3 Bxa1 22. Rxa1 Qxf2+ 23. Kh2 Ng7 24. Rf1 Qxf1 25. Bxf1 Rxf1 26. Nf4 Re1 27. Qc3 Rxe4 28. Qf3 d5 29. cxd5 Rxf4 30. Bxf4 Bd7 31. Be5 Rf8 32. Qg3 Rf7 33. Bc3 h6 34. Qb8+ Ne8 35. Kg3 Kh7 36. Be5 c4 37. bxc4 Bxa4 38. Qd8 Bd7 39. Qa8 Ba4 40. Bd4 Ng7 41. Bxb6 Bb3 42. Bxa7 Bxc4 43. d6 Be6 44. Bd4 Bd7 45. Be5 Be6 46. Bf4 h5 47. Be5 Bd7 48. Kh4 Be6 49. Qe4 Bd7 50. Bc3 Ne6 51. Bd2 Ng7 52. Qe3 Kg8 53. Qh6 hxg4 54. hxg4 Rf1 55. Qe3 Ne6 56. Qd3 Rh1+ 57. Kg3 Rg1+ 58. Kf3 Rxg4 {[%emt 0:00:06] Ke4} 1/2-1/2

[Event "Budapest Spring Festival 2019"]
[Site "Budapest"]
[Date "2019.04.17"]
[Round "9.2"]
[White "Ter-Sahakyan, Samvel"]
[Black "Hakobyan, Aram"]
[Result "1/2-1/2"]
[ECO "D30"]
[WhiteElo "2601"]
[BlackElo "2554"]
[Annotator "RC"]
[PlyCount "22"]
[EventDate "2019.04.09"]
[EventType "swiss"]
[EventCountry "HUN"]
[SourceTitle "playchess.com"]
[Source "ChessBase"]
[SourceQuality "1"]
[TimeControl "40/5400+30:1800+30"]

1. d4 d5 2. c4 e6 3. Nf3 Nf6 4. g3 Bb4+ 5. Bd2 Be7 6. Bg2 O-O 7. O-O Nbd7 8. Qc2 c6 9. a4 a5 10. Rc1 Ne4 11. Be1 f5 1/2-1/2

[Event "Budapest Spring Festival 2019"]
[Site "Budapest"]
[Date "2019.04.17"]
[Round "9.17"]
[White "Gschnitzer, Adrian"]
[Black "Gorodetzky, David"]
[Result "1/2-1/2"]
[ECO "A28"]
[WhiteElo "2380"]
[BlackElo "2461"]
[Annotator "RC"]
[PlyCount "48"]
[EventDate "2019.04.09"]
[EventType "swiss"]
[EventCountry "HUN"]
[SourceTitle "playchess.com"]
[Source "ChessBase"]
[SourceQuality "1"]
[TimeControl "40/5400+30:1800+30"]

1. c4 Nf6 2. Nc3 e5 3. Nf3 Nc6 4. e3 Bb4 5. Qc2 Bxc3 6. Qxc3 Qe7 7. b3 d5 8. d4 exd4 9. Nxd4 Nxd4 10. Qxd4 c5 11. Qf4 g5 12. Qxg5 Rg8 13. Qf4 Nh5 14. Qh6 Qe5 15. Rb1 Rg6 16. Qxh7 Nf4 17. cxd5 Bg4 18. h3 Bf5 19. Bb2 Qxd5 20. Qh8+ Kd7 21. Bb5+ Kc7 22. Qe5+ Qxe5 23. Bxe5+ Kb6 24. Bxf4 Bxb1 1/2-1/2

[Event "Budapest Spring Festival 2019"]
[Site "Budapest"]
[Date "2019.04.17"]
[Round "9.20"]
[White "Ankit, R. Rajpara"]
[Black "Ruff, Maximilian"]
[Result "1/2-1/2"]
[ECO "A57"]
[WhiteElo "2462"]
[BlackElo "2313"]
[Annotator "RC"]
[PlyCount "53"]
[EventDate "2019.04.09"]
[EventType "swiss"]
[EventCountry "HUN"]
[SourceTitle "playchess.com"]
[Source "ChessBase"]
[SourceQuality "1"]
[TimeControl "40/5400+30:1800+30"]

1. d4 Nf6 2. c4 c5 3. d5 b5 4. Qc2 b4 5. e4 d6 6. a3 bxa3 7. Rxa3 g6 8. Nf3 Bg7 9. Nc3 O-O 10. h3 e6 11. Be2 Na6 12. O-O Nb4 13. Qd1 exd5 14. cxd5 Re8 15. Nd2 a6 16. Re1 Ra7 17. Rf1 Rae7 18. Bf3 Nd7 19. Nc4 Ne5 20. Nxe5 Bxe5 21. Be3 Rb7 22. Qd2 Bd7 23. Be2 Qb6 24. Na4 Qc7 25. Nc3 Qb6 26. Na4 Qc7 27. Nc3 1/2-1/2

[Event "Budapest Spring Festival 2019"]
[Site "Budapest"]
[Date "2019.04.17"]
[Round "9.22"]
[White "Torok, Sandor"]
[Black "Bronstein, Or"]
[Result "0-1"]
[ECO "B51"]
[WhiteElo "2273"]
[BlackElo "2387"]
[Annotator "RC"]
[PlyCount "84"]
[EventDate "2019.04.09"]
[EventType "swiss"]
[EventCountry "HUN"]
[SourceTitle "playchess.com"]
[Source "ChessBase"]
[SourceQuality "1"]
[TimeControl "40/5400+30:1800+30"]

1. e4 c5 2. Nf3 d6 3. Bb5+ Nd7 4. d4 cxd4 5. Qxd4 a6 6. Bxd7+ Bxd7 7. c4 Nf6 8. Nc3 g6 9. O-O Bg7 10. Qd3 O-O 11. Nd4 Ng4 12. Nf3 b5 13. cxb5 axb5 14. Nxb5 f5 15. Nbd4 fxe4 16. Qxe4 Nf6 17. Qe3 Nd5 18. Qe4 Nf6 19. Qe3 Nd5 20. Qb3 e6 21. Re1 Qf6 22. Bd2 Rab8 23. Qa3 e5 24. Nc2 h6 25. Nb4 Nb6 26. Rac1 g5 27. Be3 Be6 28. Qd3 g4 29. Nd2 d5 30. Rc6 d4 31. Bxd4 Na4 32. Na6 exd4 33. Rcxe6 Qxf2+ 34. Kh1 Rxb2 35. Qc4 Kh8 36. R6e2 Qf6 37. Qxa4 Rxd2 38. Re8 Rf2 39. Rg1 d3 40. Rxf8+ Bxf8 41. Qc4 d2 42. Nc5 Rxg2 0-1

[Event "Budapest Spring Festival 2019"]
[Site "Budapest"]
[Date "2019.04.17"]
[Round "9.25"]
[White "Bodi, Tibor"]
[Black "Akesson, Ralf"]
[Result "1/2-1/2"]
[ECO "A05"]
[WhiteElo "2240"]
[BlackElo "2346"]
[Annotator "RC"]
[PlyCount "83"]
[EventDate "2019.04.09"]
[EventType "swiss"]
[EventCountry "HUN"]
[SourceTitle "playchess.com"]
[Source "ChessBase"]
[SourceQuality "1"]
[TimeControl "40/5400+30:1800+30"]

1. Nf3 Nf6 2. c4 e6 3. b3 Be7 4. Bb2 O-O 5. e3 b6 6. d4 Bb7 7. Nbd2 c5 8. dxc5 bxc5 9. Be2 d6 10. O-O a5 11. Qc2 h6 12. Rad1 Nc6 13. Ne4 Nb4 14. Nxf6+ Bxf6 15. Qb1 Bxb2 16. Qxb2 Qe7 17. Rd2 f5 18. Rfd1 Rad8 19. Qc3 Nc6 20. Ne1 e5 21. Nd3 g5 22. f4 exf4 23. exf4 Nd4 24. Bf1 Rde8 25. Rf2 Qc7 26. Nc1 Re4 27. Qh3 Qg7 28. fxg5 hxg5 29. Qc3 g4 30. Qxa5 f4 31. Re1 g3 32. hxg3 Qxg3 33. Rxe4 Bxe4 34. Ne2 Nxe2+ 35. Rxe2 Bd3 36. Rf2 Bxf1 37. Qd2 Bxc4 38. bxc4 Rf6 39. Qd5+ Kg7 40. Qf3 Re6 41. Qxg3+ fxg3 42. Rf3 1/2-1/2

[Event "Budapest Spring Festival 2019"]
[Site "Budapest"]
[Date "2019.04.17"]
[Round "9.26"]
[White "Borhy, Marcell"]
[Black "Risting, Eivind Olav"]
[Result "1/2-1/2"]
[ECO "E04"]
[WhiteElo "2237"]
[BlackElo "2345"]
[Annotator "NA RC"]
[PlyCount "49"]
[EventDate "2019.04.09"]
[EventType "swiss"]
[EventCountry "HUN"]
[SourceTitle "playchess.com"]
[Source "ChessBase"]
[SourceQuality "1"]
[TimeControl "40/5400+30:1800+30"]

1. d4 Nf6 2. c4 e6 3. g3 d5 4. Nf3 ({Predecessor:} 4. Bg2 dxc4 {½-½ (43) Li,D (2441)-Gajek,R (2444) Innsbruck 2018}) 4... dxc4 5. Bg2 Bb4+ 6. Bd2 c5 $146 {[%emt 0:00:29] E04: Open Catalan: 5 Nf3} (6... a5 7. a3 Bxd2+ 8. Nbxd2 b5 9. b3 cxb3 10. Qxb3 c6 11. O-O O-O 12. Rfc1 Bb7 13. Qb2 Nbd7 14. Ne1 Qb8 {0-1 (55) Bluebaum,M (2620)-Anand,V (2773) Germany 2019}) 7. Bxb4 cxb4 8. Ne5 O-O 9. Nxc4 Nc6 10. e3 e5 11. d5 b5 12. dxc6 Qxd1+ 13. Kxd1 bxc4 14. Nd2 c3 15. bxc3 bxc3 16. Nc4 e4 17. Rc1 Rd8+ 18. Ke1 Rd5 19. Rxc3 Rc5 20. Kd2 $11 Ba6 21. Nb2 Rd8+ 22. Kc2 Rxc3+ 23. Kxc3 Rc8 24. Rd1 Rxc6+ 25. Kb3 1/2-1/2

[Event "Budapest Spring Festival 2019"]
[Site "Budapest"]
[Date "2019.04.17"]
[Round "9.27"]
[White "Rudolf, Michal"]
[Black "Turzo, Attila"]
[Result "1-0"]
[ECO "C50"]
[WhiteElo "2337"]
[BlackElo "2296"]
[Annotator "NA RC"]
[PlyCount "153"]
[EventDate "2019.04.09"]
[EventType "swiss"]
[EventCountry "HUN"]
[SourceTitle "playchess.com"]
[Source "ChessBase"]
[SourceQuality "1"]
[TimeControl "40/5400+30:1800+30"]

1. e4 e5 2. Nf3 Nc6 3. Bc4 Bc5 4. O-O Nf6 5. d3 d6 6. c3 O-O 7. h3 a5 {[%emt 0:00:20] C54: Giuoco Piano: 4 c3 Nf6, main lines with 5 d4 and 5 d3} 8. Bb5 $146 ({Predecessor:} 8. Re1 h6 9. Bb3 Be6 10. Ba4 Ba7 11. d4 Bd7 12. Bc2 exd4 13. cxd4 Nb4 14. Nc3 Nxc2 15. Qxc2 {½-½ (38) So,W (2780)-Nakamura,H (2777) chess.com INT 2018}) 8... Ne7 9. d4 Ba7 10. Re1 Ng6 11. Nbd2 Bd7 12. Bd3 a4 13. Nf1 b5 14. Ng3 c5 15. dxe5 dxe5 16. c4 b4 17. Bc2 Bb8 18. Bg5 Be6 19. Bxa4 Bxc4 20. b3 Qxd1 21. Rexd1 Be6 22. Be3 Rc8 23. Bb5 h6 24. Nd2 Ba7 25. a4 bxa3 26. Rxa3 Rab8 27. Bc4 Bxc4 28. Nxc4 Bb6 29. f3 Bd8 30. Nf5 Kf8 31. Ncd6 Rc6 32. Ra7 Bc7 33. Nc4 Nf4 34. Bxf4 exf4 35. e5 Ne8 36. Rd7 Rxb3 37. Ncd6 Bxd6 38. Nxd6 $18 (38. exd6 Rb1+ 39. Kh2) 38... Nxd6 39. exd6 Kg8 40. Rxf7 Rxd6 41. Rxg7+ Kh8 42. Rh7+ Kg8 43. Rhc7 Rb1+ 44. Kh2 Rf6 45. Rxc5 Rb8 46. Rcc7 Rg6 47. h4 Rd8 48. Ra5 Re8 49. h5 Rf6 50. Kh3 Kh8 51. Raa7 Rd8 52. Rh7+ Kg8 53. Rag7+ Kf8 54. Rg6 Rxg6 55. hxg6 Rd6 56. Rxh6 Kg7 57. Rh4 Rf6 58. Rg4 Rf5 59. Kh2 Rf6 60. Kg1 Rxg6 61. Rxf4 Ra6 62. Kf2 Kg6 63. Rb4 Kg5 64. Rb5+ Kg6 65. g4 Kf6 66. Kg3 Kg6 67. f4 Kf6 68. Kh4 Kg6 69. f5+ Kh6 70. g5+ Kg7 71. Rb7+ Kg8 72. Kh5 Ra1 73. Kg6 Ra8 74. f6 Rf8 75. Rg7+ Kh8 76. Rh7+ Kg8 77. f7+ 1-0

[Event "Budapest Spring Festival 2019"]
[Site "Budapest"]
[Date "2019.04.17"]
[Round "9.28"]
[White "Bashirli, Nail"]
[Black "Pratyusha, Bodda"]
[Result "1-0"]
[ECO "C49"]
[WhiteElo "2333"]
[BlackElo "2277"]
[Annotator "NA RC"]
[PlyCount "77"]
[EventDate "2019.04.09"]
[EventType "swiss"]
[EventCountry "HUN"]
[SourceTitle "playchess.com"]
[Source "ChessBase"]
[SourceQuality "1"]
[TimeControl "40/5400+30:1800+30"]

1. e4 e5 2. Nf3 Nc6 3. Nc3 Nf6 4. Bb5 Bb4 5. O-O O-O 6. d3 d6 7. Bg5 Bxc3 8. bxc3 Qe7 9. Re1 Nd8 10. d4 Ne6 11. Bd2 {[%emt 0:05:10] C49: Four Knights: 4 Bb5 Bb4} (11. Bc1 c5 {½-½ (11) Movsesian,S (2645)-Hracek,Z (2557) Biograd 2018}) 11... c6 12. Bd3 Nc7 13. h3 h6 14. Qc1 $146 ({Predecessor:} 14. Kh2 b6 15. a4 c5 16. d5 Bd7 {½-½ (30) Shih,L (1517)-Pang,B (1259) Hong Kong 2017}) 14... Nh7 15. Qb2 Qf6 16. dxe5 dxe5 17. c4 Bxh3 18. Re3 ({Reject} 18. gxh3 $6 Qxf3 19. Qxe5 Ne6 $11) 18... Bc8 19. Nxe5 Re8 20. Bc3 Qd6 21. Nxf7 Kxf7 22. e5 Qe6 23. Bxh7 Qxc4 24. Rf3+ Ke7 25. Qa3+ c5 26. Bd3 Qd5 27. Qa4 Be6 28. Rd1 g5 29. Rf6 Rh8 $18 (29... Red8 30. Ba1 h5) 30. Be2 Qc6 31. Qxc6 bxc6 32. Rd6 Bxa2 33. Rxc6 Ne8 34. Rg6 Bf7 35. Rxh6 Rxh6 36. Rxh6 a5 37. Bf3 Ra7 38. Rh7 a4 39. Bd5 1-0

[Event "Budapest Spring Festival 2019"]
[Site "Budapest"]
[Date "2019.04.17"]
[Round "9.36"]
[White "Lye, Lik Zang"]
[Black "Vegh, Endre"]
[Result "1-0"]
[ECO "A40"]
[WhiteElo "2377"]
[BlackElo "2240"]
[Annotator "NA RC"]
[PlyCount "75"]
[EventDate "2019.04.09"]
[EventType "swiss"]
[EventCountry "HUN"]
[SourceTitle "playchess.com"]
[Source "ChessBase"]
[SourceQuality "1"]
[TimeControl "40/5400+30:1800+30"]

1. d4 e6 2. c4 b6 3. Nf3 Bb7 4. g3 Bb4+ 5. Bd2 Bxf3 6. exf3 Bxd2+ 7. Qxd2 d5 8. Nc3 Ne7 9. cxd5 Nxd5 10. Bd3 {[%emt 0:09:15] A40: Unusual replies to 1 d4} (10. Bg2 Nc6 11. f4 Nce7 12. O-O c6 13. Rac1 O-O 14. Nd1 Qd6 15. Ne3 Rac8 16. Rfd1 Rfd8 17. Qe2 g6 {½-½ (26) Checa,N (2508)-Lenderman,A (2632) Tysons 2018}) 10... c6 11. O-O O-O 12. Rac1 Nf6 13. f4 $146 ({Predecessor:} 13. Rfd1 Nbd7 14. Ba6 c5 15. Qe3 cxd4 16. Rxd4 Qe7 17. Be2 Rfd8 {½-½ (67) Pheby,I (2169)-Gaujens,A (2226) ICCF email 2009}) 13... g6 14. Be4 Qd6 15. Bf3 Nbd7 16. Rc2 Rad8 17. Rd1 Nb8 18. Qe2 Rd7 19. Qe5 Qe7 20. h4 h5 21. Re2 Rfd8 22. Qg5 Kh7 23. f5 gxf5 24. Rde1 Rxd4 25. Qxf5+ exf5 26. Rxe7 R8d7 27. R7e5 Kg6 {[%emt 0:07:20] [#]} (27... f4 $14) 28. Ne2 $1 Rd2 29. Nf4+ Kg7 30. Rxf5 ({Much worse is} 30. Nxh5+ $6 Nxh5 31. Bxh5 Kf6 $11) ({Don't play} 30. Bxh5 $6 Rxb2 {Don't play} 31. Rxf5 $6 Na6 $11) 30... Rxb2 {[%emt 0:00:50] [#]} 31. Rg5+ ({White should try} 31. Rxf6 $1 $16 Kxf6 32. Nxh5+ Kg6 33. Re8) 31... Kh6 32. Nxh5 Nxh5 33. Re8 ({Less strong is} 33. Bxh5 Rb5 $16) 33... Nf6 34. Rh8+ Nh7 35. Be4 f6 36. Rg6+ Kh5 37. Rhg8 Ng5 38. hxg5 1-0

[Event "Budapest Spring Festival 2019"]
[Site "Budapest"]
[Date "2019.04.17"]
[Round "9.39"]
[White "Mehar, Chinna Reddy C.H."]
[Black "Gombocz, Ferenc Jr."]
[Result "1-0"]
[ECO "D00"]
[WhiteElo "2348"]
[BlackElo "2183"]
[Annotator "NA"]
[PlyCount "147"]
[EventDate "2019.04.09"]
[EventType "swiss"]
[EventCountry "HUN"]
[SourceTitle "playchess.com"]
[Source "ChessBase"]
[SourceQuality "1"]
[TimeControl "40/5400+30:1800+30"]

1. d4 d5 2. Bf4 Nf6 3. e3 c5 4. c3 Nc6 5. Nd2 Bf5 (5... Qb6 6. Qb3 Nh5 7. Qxb6 axb6 8. Bc7 cxd4 9. exd4 e5 10. Bxe5 Nxe5 11. dxe5 Bc5 12. g3 O-O {1-0 (76) Aronian,L (2765)-Caruana,F (2832) London 2018}) 6. Qb3 {[%emt 0:00:07] D00: 1 d4 d5: Unusual lines} Qd7 7. Ngf3 c4 8. Qd1 e6 9. Be2 Bd6 10. b3 $146 ({Predecessor:} 10. Bxd6 Qxd6 11. b3 b5 12. O-O O-O {½-½ (12) Kosic,D (2465)-Saric,A (2535) Biograd na Moru 2018}) 10... Bxf4 11. exf4 b5 12. a4 b4 13. Ne5 Nxe5 (13... Qb7 $15 14. Qc1 bxc3 15. Qxc3 Qb4) 14. fxe5 bxc3 15. exf6 cxd2+ 16. Qxd2 gxf6 17. bxc4 dxc4 18. Bxc4 Ke7 19. O-O Rhd8 20. Rfd1 (20. d5 $5) 20... Rac8 21. Bb5 Qd6 22. Rac1 Qxd4 23. Rxc8 Qxd2 24. Rxd2 Rxc8 25. Rd7+ Kf8 26. f3 Ra8 27. Rc7 a6 28. Be2 Ke8 29. a5 e5 30. Bc4 Rc8 31. Bxf7+ Kf8 32. Ra7 Rc5 33. Bb3 Rxa5 34. Rf7+ Ke8 35. Rxf6 Bd7 36. Bc4 (36. h4 $16) 36... Ra1+ 37. Kf2 a5 38. Rh6 Rc1 39. Be6 Bb5 40. Rh5 Rc2+ 41. Kg3 Bf1 42. Rxe5 Rxg2+ 43. Kf4 Kf8 44. Bh3 Rf2 45. Kg3 Rxf3+ 46. Kxf3 Bxh3 47. Rxa5 Kg7 48. Kf4 Bf1 49. Rg5+ Kf6 50. Rd5 Kg6 51. Rd6+ Kh5 52. Kg3 Bc4 53. Rc6 Bd3 54. Rc3 Be2 55. Rc5+ Kg6 56. Kh4 Bd3 $18 57. Rc6+ Kf7 58. Kg5 Be4 59. Rf6+ Ke7 60. Rf4 Bd3 61. Rf3 Bc2 62. h4 Bb1 63. Kh6 Bc2 64. Kg7 Bb1 65. Rf1 Bc2 66. h5 Ke6 67. Rc1 Bf5 68. Re1+ Kd7 69. Kf6 Bc2 70. Rc1 Be4 71. Rd1+ Kc6 72. Ke5 Bf3 73. Rd6+ Kc7 74. Rh6 1-0